 Dungeon Crawl Stone Soup version 0.27-a0-1281-ge233d83751 (webtiles) character file.

Game seed: 15411088312198225556

85 funkygono the Vexing (level 4, -2/32 HPs)
             Began as a Formicid Arcane Marksman on June 14, 2021.
             Slain by a rat (3 damage)
             ... on level 2 of the Dungeon.
             The game lasted 00:04:33 (2368 turns).

funkygono the Vexing (Formicid Arcane Marksman)     Turns: 2368, Time: 00:04:33

Health: -2/32      AC:  8    Str: 14    XL:     4   Next: 75%
Magic:  6/7        EV: 10    Int: 14    God:
Gold:   116        SH:  0    Dex: 11    Spells: 4/7 levels left

rFire    . . .     SeeInvis +   a - +0 club
rCold    . . .     Faith    .   (no shield)
rNeg     . . .     Spirit   .   l - +3 ring mail
rPois    .         Reflect  .   (helmet unavailable)
rElec    .         Harm     .   (no cloak)
rCorr    .         Rampage  .   (no gloves)
Will     .....                  (no boots)
Stlth    +.........             (no amulet)
HPRegen  0.10/turn              (no ring)
MPRegen  0.10/turn              (no ring)

@: lethally poisoned (-2 -> -5)
A: permanent stasis, dig shafts and tunnels, antennae 3, four strong arms
a: Dig, Shaft Self


You were on level 2 of the Dungeon.
You visited 1 branch of the dungeon, and saw 2 of its levels.

You collected 116 gold pieces.

Inventory:

Hand Weapons
 a - a +0 club (weapon)
 b - a +0 hand crossbow
Missiles
 d - 14 bolts
 h - 44 stones
Armour
 e - a +0 robe
 l - a +3 ring mail (worn)
Scrolls
 m - a scroll of blinking {unknown}
Potions
 c - 2 potions of resistance {unknown}
 f - a potion of lignification {unknown}
 g - a potion of heal wounds {unknown}
 i - a potion of mutation {unknown}
 j - a potion of degeneration {unknown}
 k - a potion of attraction {unknown}


   Skills:
 + Level 1.3 Fighting
 + Level 1.0 Maces & Flails
 + Level 2.7 Crossbows
 * Level 1.0 Armour
 + Level 1.9 Dodging
 + Level 2.1 Spellcasting
 + Level 4.4 Hexes


You had 4 spell levels left.
You knew the following spells:

 Your Spells              Type           Power      Damage    Failure   Level
a - Corona                Hex            15%        N/A       8%          1
b - Slow                  Hex            14%        N/A       12%         2

Your spell library contained the following spells:

 Spells                   Type           Power      Damage    Failure   Level
 Inner Flame              Hex/Fire       7%         N/A       50%         3
 Portal Projectile        Hex/Tloc       14%        N/A       50%         3
 Cause Fear               Hex            7%         N/A       58%         4
 Leda's Liquefaction      Hex/Erth       3%         N/A       88%         4


Dungeon Overview and Level Annotations

Branches:
Dungeon (2/15)

Altars:


Innate Abilities, Weirdness & Mutations

You cannot be hasted, slowed, berserked, paralysed or teleported.
You can dig through walls and to a lower floor.
You have a pair of large antennae on your head. (SInv)
Your four strong arms can wield two-handed weapons with a shield.


Message History

The adder is severely wounded.
You feel sick.
You are no longer poisoned.
The adder bites you.
You closely miss the adder.
The adder is severely wounded.
The adder stops glowing.
The adder barely misses you. The adder bites you but does no damage.
You barely miss the adder.
The adder is severely wounded.
The adder closely misses you.
You hit the adder.
The adder is almost dead.
The adder bites you but does no damage. The adder bites you.
You are poisoned.
The adder poisons you!
You barely miss the adder.
The adder is almost dead.
You feel sick. The adder bites you.
* * * LOW HITPOINT WARNING * * *
You are lethally poisoned!
The adder poisons you!
Casting: Corona (safe; 8% risk of failure)
Confirm with . or Enter, or press ? or * to list all spells.
Aiming: Corona (safe; 8% risk of failure)
Press: ? - help, Shift-Dir - straight line, f/p - adder
Aim: an adder (almost dead, chance to affect: 58%)
The adder struggles to resist.
* * * LOW HITPOINT WARNING * * *
You feel sick. The adder barely misses you.
The adder bites you but does no damage.
You hit the adder.
You kill the adder!
* * * LOW HITPOINT WARNING * * *
You feel sick.
Your Armour skill increases to level 1!
You barely miss the rat.
* * * LOW HITPOINT WARNING * * *
You feel sick. The rat barely misses you. The rat bites you.
You die...

######### #.......
##### ######.#..##.#.
....# #.....@r.......
....# #......##(##...
....# #....### .# ....#
####.# .. ....# #.###
#. ....# #...##.##. .
....# #......... ...##
#.####....
...###########.........


You could see a rat.

Vanquished Creatures
  4 adders (D:2)
  2 worms (D:2)
  3 dart slugs
  A bat (D:1)
  3 endoplasms
  A giant cockroach (D:2)
  6 goblins
  3 hobgoblins (D:1)
  2 kobolds
  A quokka (D:2)
  5 ball pythons (D:1)
  3 frilled lizards
  5 rats
39 creatures vanquished.

Notes
Turn   | Place    | Note
-------+----------+-------------------------------------------
     0 | D:1      | funkygono the Formicid Arcane Marksman began the quest for
                  | the Orb.
     0 | D:1      | Reached XP level 1. HP: 15/15 MP: 2/2
   160 | D:1      | Reached XP level 2. HP: 21/21 MP: 1/3
   189 | D:1      | Reached skill level 4 in Hexes
   335 | D:1      | Found a faded altar of an unknown god.
   613 | D:1      | Reached XP level 3. HP: 26/26 MP: 3/5
  1277 | D:1      | Learned a level 2 spell: Slow
  1712 | D:2      | Reached XP level 4. HP: 32/32 MP: 4/6
  1893 | D:2      | Reached skill level 1 in Maces & Flails
  2368 | D:2      | Reached skill level 1 in Armour
  2368 | D:2      | HP: 1/32 [poisoned by an adder]
  2368 | D:2      | Slain by a rat

Illustrated notes

Levels and vault maps discovered:
D:1:      giann_wishing_wells, layout_basic, ebering_ecumenical_altar_webs,
          grunt_decor_cap, chequers_avenue, st_stairs_12, minmay_misc_feat_rows
D:2:      layout_basic, minmay_ruptured

Skill      XL: |  1  2  3  4 |
---------------+-------------+-----
Hexes          | 4 |  4.4
Spellcasting   | 2 |  2.1
Maces & Flails | 1 |  1.0
Armour         | 1 |  1.0
Fighting       | |  1.3
Crossbows      | |  2.7
Dodging        | |  1.9

Action                   |  1- 3 |  4- 6 || total
-------------------------+-------+-------++-------
Melee: Club              |    48 |    83 ||   131
 Fire: Hand crossbow     |    34 |    18 ||    52
 Cast: Corona            |    26 |    15 ||    41
Armor: Robe              |     5 |       ||     5
       Ring mail         |    22 |    51 ||    73
Dodge: Dodged            |    29 |    68 ||    97

Table legend: (Time is in decaauts)
 A = Elapsed time spent in this place.
 B = Non-inter-level travel time spent in this place.
 C = Inter-level travel time spent in this place.
 D = Time resting spent in this place.
 E = Time spent auto-exploring this place.
 F = Levels seen in this place.
 G = Mean time per level.
                   A        B        C        D        E       F      G
               +--------+--------+--------+--------+--------+-----+--------+
         Total |   2406 |   2399 |      7 |    284 |   1657 |   2 | 1203.0 |
       Dungeon |   2406 |   2399 |      7 |    284 |   1657 |   2 | 1203.0 |
               +--------+--------+--------+--------+--------+-----+--------+

Top non-repeatable levels by time:
     D:1: 1298 daAuts
     D:2: 1107 daAuts
